 Dungeon Crawl Stone Soup version 0.29.1 (webtiles) character file.

Game seed: 9287998752454337871

37 greasedhog the Trooper (level 3, 27/30 HPs)
             Began as a Formicid Fighter on Sept 14, 2022.
             Was a Follower of Elyvilon.
             Quit the game on level 2 of the Dungeon.
             The game lasted 00:01:16 (1102 turns).

greasedhog the Trooper (Formicid Fighter)           Turns: 1102, Time: 00:01:16

Health: 27/30      AC:  6    Str: 22    XL:     3   Next: 62%
Magic:  3/3        EV:  9    Int:  7    God:    Elyvilon [*.....]
Gold:   55         SH:  5    Dex: 13    Spells: 2/2 levels left

rFire   . . .      SeeInvis +   a - +0 war axe
rCold   . . .      Faith    .   c - +0 buckler
rNeg    . . .      Spirit   .   b - +0 scale mail
rPois   .          Reflect  .   (helmet unavailable)
rElec   .          Harm     .   (no cloak)
rCorr   .          Rampage  .   (no gloves)
Will    .....                   (no boots)
Stlth   ..........              (no amulet)
HPRegen 0.10/turn               (no ring)
MPRegen 0.08/turn               (no ring)

@: no status effects
A: permanent stasis, dig shafts and tunnels, antennae 3, four strong arms
a: Dig, Shaft Self, Renounce Religion, Purification


You were on level 2 of the Dungeon.
You worshipped Elyvilon.
Elyvilon was aware of your devotion.
You visited 1 branch of the dungeon, and saw 2 of its levels.

You collected 55 gold pieces.

Inventory:

Hand Weapons
 a - a +0 war axe (weapon)
Armour
 b - a +0 scale mail (worn)
 c - a +0 buckler (worn)
Scrolls
 f - a scroll of enchant armour
 g - 4 scrolls of identify
Potions
 d - a potion of might
 e - a potion of brilliance {unknown}
 h - a potion of curing {unknown}
 i - 2 potions of lignification {unknown}


   Skills:
 * Level 4.1 Fighting
 * Level 3.0 Axes
 - Level 3.2 Armour
 - Level 4.0 Shields


You had 2 spell levels left.
You didn't know any spells.
Your spell library was empty.

Dungeon Overview and Level Annotations

Branches:
Dungeon (2/15)

Altars:
Elyvilon


Innate Abilities, Weirdness & Mutations

You cannot be hasted, slowed, berserked, paralysed or teleported.
You can dig through walls and to a lower floor.
You have a pair of large antennae on your head. (SInv)
Your four strong arms can wield two-handed weapons with a shield.


Message History

You hit the kobold.
The kobold is severely wounded.
The kobold hits you with a +0 whip. The kobold barely misses you.
You closely miss the kobold.
The kobold is severely wounded.
The kobold hits you but does no damage.
You slash the kobold!
You kill the kobold!
You barely miss the goblin. The goblin hits you but does no damage.
The goblin barely misses you.
You slash the goblin!
You kill the goblin!
Found 4 gold pieces.
The worm bites you but does no damage.
You see here a +0 club.
You hit the worm.
The worm is lightly wounded.
You slash the worm!
The worm is heavily wounded.
The worm barely misses you.
You slash the worm!
You kill the worm!
Your Axes skill increases to level 3!
No target in view!
No target in view!
No target in view!
No target in view!
No target in view!
No target in view!
No target in view!
No target in view!
No target in view!
No target in view!
No target in view!
No target in view!
No target in view!
No target in view!
No target in view!
No target in view!
No target in view!
Are you sure you want to abandon this character and quit the game? (Confirm with "yes".)

## #..#.# ..#.##...
.....#.#### ###.#.##..##
#.#........ ..#.#......
..#<....... #.#.#..#..#
#.#........ #......#..#
#.#........ #......#..#
#.#.....??. ..........#
#.#@....##
#.....†...####..).......
#...............#.#..###
###............##.# .#
..#.........#### $# #
..#.........# .#
..##........# ##
....##..##### ###.....#


There were no monsters in sight!

Vanquished Creatures
  An adder (D:2)
  A worm (D:2)
  2 endoplasms (D:1)
  A giant cockroach (D:1)
  3 goblins
  2 hobgoblins (D:1)
  4 kobolds
  A quokka (D:1)
  4 ball pythons
  2 bats (D:1)
  4 rats (D:1)
25 creatures vanquished.

Notes
Turn   | Place    | Note
-------+----------+-------------------------------------------
     0 | D:1      | greasedhog the Formicid Fighter began the quest for the
                  | Orb.
     0 | D:1      | Reached XP level 1. HP: 18/18 MP: 1/1
   203 | D:1      | Reached XP level 2. HP: 24/24 MP: 2/2
   806 | D:1      | Reached XP level 3. HP: 25/30 MP: 3/3
   994 | D:2      | Found a faded altar of an unknown god.
  1002 | D:2      | Prayed at the altar of an unknown god.
  1002 | D:2      | Became a worshipper of Elyvilon the Healer
  1002 | D:2      | Reached * piety under Elyvilon
  1102 | D:2      | Quit the game

Illustrated notes

Levels and vault maps discovered:
D:1:      onia_arrival_mini_maze, layout_basic, chequers_serial_rivers_large_a,
          nicolae_eternal_life, minivault_14, minmay_bisected
D:2:      layout_basic, ebering_ecumenical_altar_sacrificial,
          serial_co_window_serial, co_window_corner_a, co_window_corner_a,
          co_window_corner_a, co_window_paths_a, co_window_corner_a,
          co_window_corner_a, co_window_corner_a, co_window_broadway_a,
          co_window_corner_ca, co_window_corner_ca, co_window_2corner,
          co_window_broadway_a, co_window_of_opportunity_c,
          co_window_of_opportunity_b, minmay_between

Skill      XL: |  1  2  3 |
---------------+----------+-----
Fighting       | 4 |  4.1
Axes           | 3 |  3.0
Armour         | |  3.2
Shields        | |  4.0

Action                   || total
-------------------------++-------
Melee: War axe           ||    74
  Use: Scroll            ||     2
Armor: Scale mail        ||    40
Dodge: Dodged            ||    31
Block: Buckler           ||    16
